[Event "45th FIDE Olympiad 2024"]
[Site "Budapest"]
[Date "2024.09.12"]
[Round "2.122"]
[White "Al Hosani, Omran"]
[Black "Horvath, Dominik"]
[Result "1/2-1/2"]
[ECO "D85"]
[WhiteElo "2241"]
[BlackElo "2559"]
[Annotator "TA"]
[PlyCount "73"]
[EventDate "2024.09.05"]
[EventType "team-tourn"]
[EventCountry "HUN"]
[SourceTitle "playchess.com"]
[Source "ChessBase"]
[SourceQuality "1"]
[WhiteTeam "United Arab Emirates"]
[BlackTeam "Austria"]
[WhiteTeamCountry "UAE"]
[BlackTeamCountry "AUT"]
[TimeControl "40/5400+30:1800+30"]

1. d4 Nf6 2. c4 g6 3. Nc3 d5 4. cxd5 Nxd5 5. e4 Nxc3 6. bxc3 Bg7 7. Nf3 c5 8. Rb1 O-O 9. Be2 cxd4 10. cxd4 Qa5+ 11. Bd2 Qxa2 12. O-O b6 13. Qc1 Qe6 14. Bc4 Qxe4 15. Bxf7+ Rxf7 16. Qxc8+ Rf8 17. Qc4+ {The position is equal.} e6 18. Rb5 {[#] Threatens to win with Ng5.} Re8 (18... Qc6 $142 $1 19. Qb3 Na6) 19. h4 {[%mdl 1024] White has compensation.} Nd7 20. Re1 Rac8 $1 21. Qf1 Qc6 22. Rc1 Qd6 23. h5 Bxd4 24. hxg6 hxg6 25. Rd1 $1 {[#] Bb4 is the strong threat.} Bg7 26. Bb4 Qc6 27. Rg5 $1 Nf8 28. Bxf8 Kxf8 29. Rxg6 {Black must now prevent Ng5.} Red8 30. Re1 {[%cal Of3g5] And now Ng5! would win.} (30. Rxd8+ {looks sharper.} Rxd8 31. Ng5 Qc2 32. Nxe6+ Ke8 33. Qb5+) 30... Qc4 31. Ng5 Qxf1+ 32. Kxf1 Bc3 33. Rexe6 Rd1+ 34. Ke2 Re1+ 35. Kd3 Rxe6 36. Rxe6 b5 (36... Bb2 $11) 37. Ke4 $2 {[%mdl 40960] Weighted Error Value: White=0.03 (flawless) /Black=0.13 (very precise) .  Loses game:     	White=1     	---        Mistake:       	---       	Black=2      OK:         	White=9     	Black=10     Best:        	White=2     	Black=2      Strong:       	White=2     	Black=1     . An unexpected result.} (37. Ra6 $14) 1/2-1/2

[Event "45th FIDE Olympiad 2024"]
[Site "Budapest"]
[Date "2024.09.12"]
[Round "2.123"]
[White "Blohberger, Felix"]
[Black "Ammar, Sedrani"]
[Result "1-0"]
[ECO "E17"]
[WhiteElo "2520"]
[BlackElo "2226"]
[Annotator "TA"]
[PlyCount "115"]
[EventDate "2024.09.05"]
[EventType "team-tourn"]
[EventCountry "HUN"]
[SourceTitle "playchess.com"]
[Source "ChessBase"]
[SourceQuality "1"]
[WhiteTeam "Austria"]
[BlackTeam "United Arab Emirates"]
[WhiteTeamCountry "AUT"]
[BlackTeamCountry "UAE"]
[TimeControl "40/5400+30:1800+30"]

1. Nf3 d5 2. g3 Nf6 3. Bg2 e6 4. O-O Be7 5. c4 O-O 6. b3 b6 7. Bb2 Bb7 8. cxd5 exd5 9. d4 Re8 10. Nc3 Nbd7 11. Rc1 a6 12. e3 Bd6 13. Ne2 c6 14. Nf4 {The position is equal.} Qc7 15. Rc2 Rad8 16. Qc1 Qb8 17. Nd3 Ne4 18. Rd1 Qa8 19. Nfe5 Nxe5 20. dxe5 Bf8 21. f3 Ng5 22. h4 Ne6 23. f4 c5 (23... a5 $14) 24. f5 $16 Nc7 25. Nf4 $36 {[%mdl 2048] Black is under strong pressure.} d4 26. exd4 Bxg2 27. Rxg2 Nd5 28. Kh2 cxd4 29. Bxd4 Nxf4 30. Qxf4 (30. gxf4 $2 {loses.} Qe4 31. Bf2 (31. Qd2 $2 Bc5 $19) 31... Rxd1 (31... Qxf5 32. Rxd8 Rxd8 33. Rg5 $19) 32. Qxd1 Qxf4+ (32... Qxf5 33. Qg4 $11) 33. Bg3 Qxf5 $19) 30... Rd5 31. Rf1 Bc5 32. Bb2 Qd8 {[#]} 33. e6 $1 {[%mdl 512] Hoping for exf7+.} f6 34. b4 Be7 35. Rff2 {White is much more active.} Qd6 36. a3 (36. Qxd6 $142 Rxd6 37. Rf3) 36... Qxf4 37. Rxf4 Red8 38. h5 b5 {This costs Black the game.} (38... g6 $16) 39. Rf3 Kf8 40. Rgf2 Rc8 41. Kg2 h6 (41... Bd6 $142 42. h6 Ke7 43. hxg7 Rg8) 42. Rc3 $18 Rxc3 43. Bxc3 {[%mdl 4096] Endgame. KRB-KRB} Ke8 44. g4 {[#] Threatens to win with Rd2.} Rd3 45. Rf3 Rd1 46. Kf2 Bd8 47. Rg3 {White is clearly winning.} Rb1 48. Ke2 Rc1 49. Bd4 {Rc3 would now be deadly.} Rc2+ (49... Rc4 $142) 50. Kd3 Ra2 51. Ke4 Re2+ 52. Re3 Rg2 53. Bc5 Rxg4+ 54. Kd5 {aiming for e7.} Be7 55. Kc6 Rg5 56. Rd3 {Black must now prevent Rd7.} Rxf5 57. Rd7 Bxc5 58. bxc5 {Weighted Error Value: White=0.09 (flawless) /Black=0.25 (precise) .  Mistake:       	White=1     	Black=4      Inaccurate:     	White=3     	Black=2      OK:         	White=16    	Black=13     Best:        	White=3     	---} 1-0

[Event "45th FIDE Olympiad 2024"]
[Site "Budapest"]
[Date "2024.09.12"]
[Round "2.124"]
[White "Ahmed, Fareed"]
[Black "Baidetskyi, Valentin"]
[Result "1/2-1/2"]
[ECO "C79"]
[WhiteElo "2061"]
[BlackElo "2512"]
[Annotator "TA"]
[PlyCount "193"]
[EventDate "2024.09.05"]
[EventType "team-tourn"]
[EventCountry "HUN"]
[SourceTitle "playchess.com"]
[Source "ChessBase"]
[SourceQuality "1"]
[WhiteTeam "United Arab Emirates"]
[BlackTeam "Austria"]
[WhiteTeamCountry "UAE"]
[BlackTeamCountry "AUT"]
[TimeControl "40/5400+30:1800+30"]

1. e4 e5 2. Nf3 Nc6 3. Bb5 a6 4. Ba4 Nf6 5. O-O d6 6. Re1 Bd7 7. c3 g6 8. d4 Bg7 9. dxe5 Nxe5 10. Nxe5 dxe5 11. Bg5 b5 12. Bb3 h6 13. Bh4 O-O 14. Nd2 Qe8 15. Nf1 Be6 16. f3 Nd7 17. Ne3 Rc8 18. Bxe6 Qxe6 19. Qb3 Rfe8 20. Red1 {[#] Threatens to win with Qxe6.} Nc5 21. Qxe6 Rxe6 22. Rd2 Bf8 23. Rad1 c6 24. b3 h5 25. Kf1 Ree8 26. Bf6 Re6 27. Bh4 f6 28. Rd8 Rxd8 29. Rxd8 Kf7 30. Ke2 Be7 (30... Rd6 $11 31. Rxd6 Bxd6) 31. Rd1 (31. Ra8 $14) 31... Ke8 32. Bf2 Bf8 33. Nc2 Nb7 34. Nb4 a5 35. Nd3 f5 36. Re1 Bd6 37. Kd2 Kf7 38. exf5 {White is more active.} (38. Bb6 $16) 38... gxf5 $11 {The position is equal.} 39. Bg3 e4 40. Nf4 Rh6 41. Nh3 (41. fxe4 $2 {too greedy.} h4 42. exf5 hxg3 43. hxg3 Nd8 $19) 41... exf3 42. gxf3 Be7 {Repels Ng5+} 43. Bf4 (43. Re5 $5) 43... Rg6 44. Rg1 Rxg1 45. Nxg1 {[%mdl 4096] Endgame. KBN-KBN} Nc5 46. Ne2 Ne6 {[#] White must now prevent ...Nxf4.} 47. Be5 Bg5+ 48. f4 Bd8 49. Ke3 Bb6+ 50. Nd4 Ke7 51. Kd3 Bxd4 52. cxd4 {KB-KN} Kd7 53. a4 Nc7 54. Ke3 Nd5+ 55. Kf3 Ke6 56. Kg3 Kf7 57. Kh4 Kg6 58. Bd6 Kh6 59. Bf8+ Kg6 60. Bd6 bxa4 61. bxa4 Nb6 62. Bc7 Nxa4 63. Bxa5 Nb2 64. Bc7 Nd1 65. Bd6 Nc3 66. Bc7 Nd5 67. Be5 Ne3 68. Bc7 Nf1 69. h3 Nd2 {Hoping for ...Nf3+.} 70. Be5 Nc4 71. Kg3 Nb6 72. Kh4 Nd5 73. Kg3 Nc3 74. Kf3 Ne4 75. Ke3 Kf7 76. Bb8 Ke6 77. Be5 Kd5 78. Bg7 Kc4 79. Be5 Kd5 80. Bg7 Kc4 81. Be5 Nc3 82. Kf3 Ne4 83. Ke3 Nc3 84. Kf3 Kd3 {aiming for ...Nb5.} 85. Kg3 Ne2+ (85... Ke4 $5 86. Kh4 $8 Ne2 $11) 86. Kh4 Ng1 87. Kg5 Nxh3+ 88. Kxf5 Ke3 89. Kg6 {And now f5 would win.} Nxf4+ 90. Kg5 Ne6+ 91. Kxh5 Nxd4 92. Bd6 Nf5 93. Bc5+ Ke4 94. Kg4 $1 Kd5 95. Ba7 Nd6 96. Kf3 c5 97. Bxc5 {Weighted Error Value: White=0.10 (very precise) /Black=0.09 (flawless) .  Mistake:       	White=2     	Black=1      Inaccurate:     	White=2     	Black=3      OK:         	White=34    	Black=32     Best:        	White=4     	Black=5      Strong:       	White=1     	---} 1/2-1/2

[Event "45th FIDE Olympiad 2024"]
[Site "Budapest"]
[Date "2024.09.12"]
[Round "2.125"]
[White "Duran Vega, Sergio"]
[Black "Mchedlishvili, Mikheil"]
[Result "0-1"]
[ECO "A29"]
[WhiteElo "2308"]
[BlackElo "2574"]
[Annotator "TA"]
[PlyCount "72"]
[EventDate "2024.09.05"]
[EventType "team-tourn"]
[EventCountry "HUN"]
[SourceTitle "playchess.com"]
[Source "ChessBase"]
[SourceQuality "1"]
[WhiteTeam "Costa Rica"]
[BlackTeam "Georgia"]
[WhiteTeamCountry "CRI"]
[BlackTeamCountry "GEO"]
[TimeControl "40/5400+30:1800+30"]

1. c4 e5 2. g3 Nf6 3. Bg2 d5 4. cxd5 Nxd5 5. Nf3 Nc6 6. O-O Nb6 7. Nc3 Be7 8. d3 O-O 9. Be3 Bg4 10. a4 a5 11. Rc1 Bb4 12. Nb5 Nd5 13. Bc5 {The position is equal.} Re8 14. Nd2 {[#] Hoping for Bxd5.} Bxc5 15. Bxd5 $2 (15. Rxc5 $11 {and White has nothing to worry.} Ndb4 16. Nf3) 15... Qxd5 $19 16. Nxc7 Qd7 (16... Qd6 17. Nxe8 Qe7 (17... Rxe8 18. Ne4 $16) 18. Nc7 $14) 17. Nxe8 (17. Nxa8 $2 {loses.} Ba7 18. Nf3 Rxa8 19. Rxc6 Bxf3 $19 (19... Qxc6 $2 20. Nxe5 Qe6 21. Nxg4 $19)) 17... Bb4 {A strong pair of Bishops.} 18. Nxg7 Kxg7 19. f3 Be6 {[%mdl 1024] Black has strong compensation. White is weak on the dark squares} 20. Kh1 Rd8 21. Ne4 Qe7 {Wards off Nc5} 22. g4 {[#]} Nd4 $1 {And now ...Bb3 would win.} 23. Rg1 Bd5 24. Ng3 (24. g5 $17 {was worth a try.}) 24... Qg5 25. Qf1 Kh8 {Black has more active pieces.} (25... Qxg4 $2 {too greedy.} 26. Nh5+ Kf8 27. Rxg4 $18) 26. Ne4 {Prevents Bd2.} Qe3 27. Rg2 Ne6 28. Ng3 Qg5 (28... Qb6 $19 29. Ne4 Bc6) 29. Nf5 {Loses the game.} (29. Ne4 $17 Qe3 30. Qg1 Qxg1+ 31. Rgxg1) 29... Bc6 30. h4 Qf6 31. Rh2 Nd4 32. Ng3 Qf4 33. Ne4 (33. Rg2) 33... f5 ({But not} 33... Bxa4 34. g5 $19) 34. gxf5 Nxf5 35. Rxc6 bxc6 36. Rg2 (36. Qf2 $142) 36... Ne3 {Weighted Error Value: White=0.48/Black=0.15 (very precise) .  Loses game:     	White=1     	---        Mistake:       	White=4     	Black=1      Inaccurate:     	White=1     	Black=2      OK:         	White=8     	Black=9      Best:        	White=2     	Black=1} 0-1

[Event "45th FIDE Olympiad 2024"]
[Site "Budapest"]
[Date "2024.09.12"]
[Round "2.126"]
[White "Kacharava, Nikolozi"]
[Black "Valdes Romero, Leonardo"]
[Result "1-0"]
[ECO "C42"]
[WhiteElo "2511"]
[BlackElo "2347"]
[Annotator "TA"]
[PlyCount "73"]
[EventDate "2024.09.05"]
[EventType "team-tourn"]
[EventCountry "HUN"]
[SourceTitle "playchess.com"]
[Source "ChessBase"]
[SourceQuality "1"]
[WhiteTeam "Georgia"]
[BlackTeam "Costa Rica"]
[WhiteTeamCountry "GEO"]
[BlackTeamCountry "CRI"]
[TimeControl "40/5400+30:1800+30"]

1. e4 e5 2. Nf3 Nf6 3. Nxe5 d6 4. Nf3 Nxe4 5. d4 d5 6. Bd3 Nc6 7. O-O Be7 8. Nbd2 Bf5 9. Re1 Nxd2 10. Qxd2 Bxd3 11. Qxd3 O-O 12. c3 Qd7 13. Bf4 a6 14. Re2 b5 (14... Rae8 $11) 15. a4 Rab8 16. axb5 {White is better.} axb5 17. h4 h6 18. h5 $40 {[%mdl 128] White attacks.} (18. b4 $14) 18... Rfc8 (18... b4 $11 {keeps the balance.}) 19. Ra6 $16 {[%cal Oa6c6] Rxc6! would now be deadly.} Bf8 20. Bg3 {White is much more active.} ({White should play} 20. b4 $16) 20... b4 $11 21. c4 b3 22. Qc3 (22. Ne5 $1 $11 Nxe5 23. dxe5) 22... Ne7 (22... dxc4 $17 {...Qd5 is the strong threat.} 23. Qxc4 Nxd4 24. Nxd4 (24. Qxd4 $2 Qb5 $19) 24... Rb4) 23. Ra5 Re8 (23... dxc4 $11 24. Qxc4 Rb6) 24. Ra7 Rec8 25. c5 $1 Qb5 {Inhibits Qa5. Black is weak on the dark squares. This costs Black the game.} (25... Nc6 $16 26. Ne5 Qe6 27. Nxc6 (27. Ra6 $2 Nxd4 28. Qxd4 Qxa6 $19) 27... Qxe2 28. Nxb8 (28. Rxc7 $2 {too greedy.} Rxc7 29. Bxc7 Rc8 $19) 28... Qd1+ 29. Kh2 Qxh5+ 30. Kg1 Qd1+ 31. Kh2 Qh5+ 32. Kg1 Rxb8 (32... Qd1+ 33. Kh2 $11)) 26. Re1 $18 Rb7 {[#]} 27. Rxb7 Qxb7 {[#]} 28. Ne5 $1 {aiming for Qf3.} f6 $2 (28... Qb5 {was called for.} 29. Qf3 Qe8) 29. Ng6 Nxg6 {White is clearly winning.} 30. hxg6 Rb8 31. Qe3 {Strongly threatening Qe6+.} Qc6 32. Qe6+ Qxe6 33. Rxe6 Rc8 34. Re3 f5 35. Rxb3 Be7 36. Rb7 Bd8 37. Be5 {Weighted Error Value: White=0.18 (very precise) /Black=0.45.  Mistake:       	White=3     	Black=6      Inaccurate:     	White=1     	Black=2      OK:         	White=7     	Black=4      Best:        	White=1     	Black=1      Strong:       	White=1     	---} 1-0

[Event "45th FIDE Olympiad 2024"]
[Site "Budapest"]
[Date "2024.09.12"]
[Round "2.127"]
[White "Jimenez Garcia, Emmanuel"]
[Black "Paichadze, Luka"]
[Result "0-1"]
[ECO "A13"]
[WhiteElo "2352"]
[BlackElo "2516"]
[Annotator "TA"]
[PlyCount "84"]
[EventDate "2024.09.05"]
[EventType "team-tourn"]
[EventCountry "HUN"]
[SourceTitle "playchess.com"]
[Source "ChessBase"]
[SourceQuality "1"]
[WhiteTeam "Costa Rica"]
[BlackTeam "Georgia"]
[WhiteTeamCountry "CRI"]
[BlackTeamCountry "GEO"]
[TimeControl "40/5400+30:1800+30"]

1. Nf3 Nf6 2. c4 e6 3. g3 d5 4. Bg2 d4 5. e3 c5 6. O-O Nc6 7. exd4 cxd4 8. d3 Bd6 9. Bg5 h6 10. Bxf6 Qxf6 {White has an edge.} 11. Nbd2 Qe7 12. Re1 O-O 13. a3 a5 14. Nb3 Qf6 ({Of course not} 14... e5 $6 15. Nfxd4 Nxd4 16. Nxd4 $16) 15. Nfd2 Bc7 16. Rb1 e5 17. Nc5 Qe7 18. b4 axb4 19. axb4 Nxb4 20. Rxb4 {Strongly threatening Rb5.} Qxc5 21. Rb5 Qa7 22. Nb3 Qb8 23. Bd5 (23. Bxb7 $11 {was preferrable.} Bxb7 24. Nc5) 23... Ra3 24. Qf3 b6 25. Kg2 Ba6 26. Rb4 Qd8 {...Bd6 would now be deadly.} 27. Nd2 Kh8 (27... Bc8 {is interesting.} 28. Rbb1 Ra2 29. Red1 Ra5) 28. Rb3 Ra2 29. Qd1 {[#]} b5 $1 30. Nf3 bxc4 (30... Ra5 {simplifies} 31. Qc2 Re8 32. Rbb1 bxc4 33. dxc4 Rc5) 31. dxc4 Qf6 32. Qc1 Bc8 33. Ra3 Rxa3 34. Qxa3 Kg8 35. Qc5 Bd6 {This pair of bishops is nice.} 36. Qb5 Bf5 37. Nxe5 $1 Bxe5 38. Rxe5 d3 39. Bf3 (39. Re8 $11 {keeps the balance.} g5 40. h3) 39... Be6 $36 {[%cal Oe6c4][%mdl 2048] Black is in control.} 40. Re3 {[#]} d2 {[%cal Of6f3] Threatens to win with ...Qxf3+!} 41. Rd3 Rd8 42. Qb3 {[%mdl 8192] [#]} (42. Rxd8+ $17 Qxd8 43. Bd1) 42... Bh3+ $1 {[%mdl 512] Weighted Error Value: White=0.29 (precise) /Black=0.06 (flawless) .  Loses game:     	White=1     	---        Mistake:       	White=2     	---        Inaccurate:     	White=2     	Black=2      OK:         	White=12    	Black=18     Best:        	White=2     	Black=2      Strong:       	White=1     	---        Brilliant:      	---       	Black=1} 0-1

[Event "45th FIDE Olympiad 2024"]
[Site "Budapest"]
[Date "2024.09.12"]
[Round "2.128"]
[White "Jobava, Baadur"]
[Black "Cabezas Solano, David Alejandro"]
[Result "1-0"]
[ECO "D00"]
[WhiteElo "2582"]
[BlackElo "2248"]
[Annotator "TA"]
[PlyCount "75"]
[EventDate "2024.09.05"]
[EventType "team-tourn"]
[EventCountry "HUN"]
[SourceTitle "playchess.com"]
[Source "ChessBase"]
[SourceQuality "1"]
[WhiteTeam "Georgia"]
[BlackTeam "Costa Rica"]
[WhiteTeamCountry "GEO"]
[BlackTeamCountry "CRI"]
[TimeControl "40/5400+30:1800+30"]

1. d4 Nf6 2. Nc3 d5 3. Bf4 e6 4. Nb5 Na6 5. e3 Be7 (5... c6 $5 6. Nc3 $8 c5 $11) 6. Nf3 O-O 7. h4 c6 8. Nc3 {The position is equal.} Qa5 9. Nd2 c5 10. Nb3 Qb6 {White must now prevent ...c4.} 11. a4 cxd4 12. a5 Qd8 13. exd4 Bd7 14. Bxa6 bxa6 15. h5 h6 16. O-O Qc8 {Repels Nc5} 17. Re1 Bb5 18. Re3 Bc4 19. Nd2 Kh8 20. Rg3 Qd8 21. Nxc4 (21. b3 $5 Bb5 $8 22. Be5 $11) 21... dxc4 22. Be5 Bd6 23. Qf3 Rb8 24. Rb1 Bxe5 25. dxe5 Nh7 26. Qg4 Rg8 {[#]} 27. Ne4 $1 $40 {[%mdl 128] Hoping for Nd6. White is up to no good.} (27. Qxc4 Qxa5 28. Re3 Rgc8 $11) 27... f5 $1 28. exf6 Nxf6 29. Nxf6 (29. Qxe6 $2 Re8 30. Qf7 Re7 $19 (30... Rxe4 31. Qxg7#)) 29... Qxf6 30. Qxc4 Rxb2 31. Re1 Rb5 32. Rg6 (32. Qxe6 Qd4 $16) 32... Qf5 33. g4 {White is more active.} (33. Rgxe6 Rf8 34. Qd4 (34. Rxa6 $2 Qxf2+ 35. Kh2 Rxh5+) 34... Rd5 35. Qxa7 (35. Rxh6+ $2 Kg8 $19) 35... Qxc2 $11) (33. Qxe6 Qxh5 34. Qg4 (34. Qxa6 Rxa5 35. Qe6 Rd5 $11) 34... Rxa5 $11) (33. Rexe6 Rb1+ 34. Kh2 Qxh5+ 35. Kg3 Rb5 $11) 33... Qd5 {[#]} (33... Qf3 $16 {might work better.}) 34. Qf4 $1 $18 {[%cal Og6h6] White threatens Rxh6+! and mate.} Kh7 (34... Rb7 35. c4 (35. Rexe6 Rb1+) (35. Rgxe6 Qxa5 36. Qd4 Rb6 $16) 35... Qd8) 35. c4 (35. Rgxe6 Qg5 36. Qe4+ Kh8 $16) 35... Rb4 36. Qf7 {White mates.} (36. Rexe6 {gets mated.} Rb1+ (36... Qxa5 37. Rxh6+ gxh6 38. Qxh6#) (36... Qxa5 37. Rxh6+ gxh6 38. Qxh6#)) 36... Qd3 37. Rexe6 Rb1+ 38. Kh2 {Weighted Error Value: White=0.04 (flawless) /Black=0.26 (precise) .  Mistake:       	---       	Black=2      Inaccurate:     	---       	Black=4      OK:         	White=12    	Black=11     Best:        	White=3     	---        Strong:       	White=2     	Black=1} 1-0

[Event "45th FIDE Olympiad 2024"]
[Site "Budapest"]
[Date "2024.09.12"]
[Round "2.129"]
[White "Peralta, Fernando"]
[Black "Xie, Felix"]
[Result "1-0"]
[ECO "E48"]
[WhiteElo "2558"]
[BlackElo "2320"]
[Annotator "TA"]
[PlyCount "113"]
[EventDate "2024.09.05"]
[EventType "team-tourn"]
[EventCountry "HUN"]
[SourceTitle "playchess.com"]
[Source "ChessBase"]
[SourceQuality "1"]
[WhiteTeam "Argentina"]
[BlackTeam "New Zealand"]
[WhiteTeamCountry "ARG"]
[BlackTeamCountry "NZL"]
[TimeControl "40/5400+30:1800+30"]

1. d4 Nf6 2. c4 e6 3. Nc3 Bb4 4. e3 O-O 5. Bd3 c5 6. Nge2 d5 7. cxd5 cxd4 8. exd4 Nxd5 9. a3 Ba5 10. Bb1 Nc6 11. Qd3 {[%csl Gb1][%cal Rd3h7] The position is equal.} f5 12. O-O Nce7 13. Ba2 Bc7 14. Re1 b6 (14... h6 $16 {might work better.}) 15. Bg5 $18 {And now Nxd5 would win.} h6 (15... Qd6 $142) 16. Bxd5 exd5 17. Bxe7 Qxe7 18. Nxd5 Qd6 (18... Qf7 $16 {was necessary.}) 19. Nxc7 Qxc7 20. d5 (20. Nc3 $142) 20... Bb7 (20... Qd6 $16 21. Qd4 Bd7) 21. d6 Qc6 22. Nf4 Rad8 {Black is weak on the dark squares} 23. Qb3+ Kh7 24. Rac1 {White is much more active.} Rfe8 25. Qf7 {Really sharp!} Rxe1+ 26. Rxe1 Rxd6 {[%cal Oc6e4] ...Qe4! would now be deadly.} 27. Qxf5+ Kg8 {aiming for ...Rf6.} 28. f3 $40 {[%mdl 128] White attacks with force.} Qc5+ 29. Qxc5 bxc5 $16 {[%mdl 4096] Endgame. KRB-KRN} 30. Ne6 c4 {[#]} (30... Rb6 $16) 31. Nc5 (31. Nxg7 $1 $18 {Nf5 is the strong threat.} Kxg7 32. Re7+ Kf6 33. Rxb7) 31... Bc6 32. Ne4 {Dodges Rd2} Bxe4 33. Rxe4 {KR-KR} ({Much less strong is} 33. fxe4 Kf7 $11) 33... Rc6 34. Kf1 Kf7 (34... a6 $142 35. Ke1 c3 36. bxc3 Rxc3) 35. Ke1 Rb6 (35... c3 $16 {keeps fighting.} 36. bxc3 Ra6) 36. Rxc4 $18 Rxb2 37. Kf1 Rb7 38. Rc6 a5 {[#]} (38... Re7 $142 39. a4 Ke8) 39. Rc5 $1 Ra7 40. a4 Ke6 41. h4 Kf6 42. h5 Ra6 43. Kf2 Ke6 44. Rb5 Kf6 45. g4 Ke6 46. Ke3 Kf6 47. Kd4 g6 (47... Ke7 $142 48. Rf5 Rd6+ 49. Kc4 Ra6) 48. hxg6 Kxg6 49. Ke4 Ra8 50. Kf4 Rf8+ 51. Kg3 Ra8 52. f4 Ra6 53. Kh4 Kf6 54. Kh5 {[%cal Of4f5] Strongly threatening f5!} Kg7 55. Rb7+ Kg8 56. f5 Kh8 57. Re7 {Weighted Error Value: White=0.15 (very precise) /Black=0.49.  Mistake:       	White=2     	Black=9      Inaccurate:     	White=2     	Black=5      OK:         	White=15    	Black=8      Best:        	White=6     	Black=4      Strong:       	White=1     	---} (57. g5 $142 hxg5 58. Kxg5 Ra8 59. f6 Rg8+ 60. Kh6 Rd8 61. Kg6 (61. Rh7+ Kg8 62. Kg6 Rd6 63. Ra7 Rd8 64. Rxa5 Kf8 65. Rh5 Ke8 66. Rh8+ Kd7) 61... Kg8 62. Rh7) 1-0

[Event "45th FIDE Olympiad 2024"]
[Site "Budapest"]
[Date "2024.09.12"]
[Round "2.130"]
[White "Middelburg, Tom"]
[Black "Krysa, Leandro"]
[Result "1/2-1/2"]
[ECO "B40"]
[WhiteElo "2355"]
[BlackElo "2495"]
[Annotator "RC"]
[PlyCount "82"]
[EventDate "2024.09.05"]
[EventType "team-tourn"]
[EventCountry "HUN"]
[SourceTitle "playchess.com"]
[Source "ChessBase"]
[SourceQuality "1"]
[WhiteTeam "New Zealand"]
[BlackTeam "Argentina"]
[WhiteTeamCountry "NZL"]
[BlackTeamCountry "ARG"]
[TimeControl "40/5400+30:1800+30"]

1. e4 c5 2. Nf3 e6 3. b3 a6 4. Bb2 Nc6 5. Nc3 d5 6. exd5 exd5 7. d4 Nf6 8. Be2 Be7 9. O-O O-O 10. dxc5 Bxc5 11. Na4 Ba7 12. Nd4 Ne5 13. Ne6 Bxe6 14. Bxe5 Rc8 15. c3 Ne4 16. Bd4 Bb8 17. b4 Qg5 18. g3 Bh3 19. f4 Qg6 20. Rf3 Rfe8 21. Rd3 Bf5 22. Bh5 Qc6 23. Re3 Bd6 24. Nb6 Rcd8 25. a4 Bc7 26. a5 Nd6 27. Rxe8+ Rxe8 28. Bg4 f6 29. Bf3 Be4 30. Na4 Nf5 31. Bf2 Nd6 32. Nc5 Bxf3 33. Qxf3 Ne4 34. Bd4 Bd6 35. Nd3 Re7 36. Rd1 h6 37. Nf2 Qc4 38. Qd3 Qc6 39. Re1 Nxf2 40. Bxf2 Rxe1+ 41. Bxe1 Kf7 1/2-1/2

[Event "45th FIDE Olympiad 2024"]
[Site "Budapest"]
[Date "2024.09.12"]
[Round "2.131"]
[White "Flores, Diego"]
[Black "Renjith, Sravan"]
[Result "0-1"]
[ECO "D30"]
[WhiteElo "2546"]
[BlackElo "2325"]
[Annotator "TA"]
[PlyCount "82"]
[EventDate "2024.09.05"]
[EventType "team-tourn"]
[EventCountry "HUN"]
[SourceTitle "playchess.com"]
[Source "ChessBase"]
[SourceQuality "1"]
[WhiteTeam "Argentina"]
[BlackTeam "New Zealand"]
[WhiteTeamCountry "ARG"]
[BlackTeamCountry "NZL"]
[TimeControl "40/5400+30:1800+30"]

1. Nf3 d5 2. d4 Nf6 3. c4 e6 4. g3 c5 5. cxd5 exd5 6. Bg2 Nc6 7. O-O Be7 8. dxc5 Bxc5 9. a3 O-O 10. b4 Be7 11. Bb2 Ne4 12. Nc3 Bf6 13. Rc1 Re8 14. e3 {White is slightly better.} Be6 15. Na4 Bxb2 16. Nxb2 Qf6 17. Nd3 Bg4 {aiming for ...Ng5.} 18. b5 {[#]} (18. h3 $11 Bxf3 19. Bxf3 (19. Qxf3 Qxf3 20. Bxf3 Nd2 $17)) 18... Ng5 $1 $17 {Black is much more active. Black converts the advantage convincingly.} (18... Nc3 19. Rxc3 Qxc3 20. bxc6 bxc6 21. Nf4 $16) 19. bxc6 Nxf3+ 20. Bxf3 Bxf3 21. cxb7 Bxd1 $19 22. bxa8=Q Rxa8 23. Rfxd1 d4 $36 {[%mdl 2048] Black is really pushing.} 24. exd4 Qxd4 25. Nf4 Qb2 26. a4 Qb4 27. Ra1 h6 28. h4 Rc8 29. Nd5 Qe4 30. Ne3 Rb8 31. Rac1 Rb2 (31... Qxa4 32. Ra1 Qe8 33. Rxa7 $17) 32. Rc4 Qf3 33. Rf4 Qb7 34. Rc1 Ra2 35. Nf5 $2 (35. Rd1 {was called for.}) 35... Qd7 {Black is clearly winning.} 36. h5 Rxa4 37. Ne7+ Kh7 {[#] And now ...Rxf4 would win.} ({Weaker is} 37... Qxe7 38. Rxa4 Kh7 39. Rca1 $11) ({And not} 37... Kf8 38. Ng6+ Ke8 (38... Kg8 $2 39. Rxa4 fxg6 40. hxg6 $18) 39. Ne5 $11) 38. Rxf7 Qe8 {Prevents Rf8.} 39. Rf5 Qxe7 40. Rd1 Re4 41. Kf1 Re5 {Weighted Error Value: White=0.77/Black=0.03 (flawless) .  Mistake:       	White=3     	---        Inaccurate:     	White=2     	---        OK:         	White=5     	Black=16     Best:        	---       	Black=2      Strong:       	---       	Black=1} 0-1